 Dungeon Crawl Stone Soup version 0.20.0-10-g0535bb4 (webtiles) character file.

1109 grindst0ne the Covert (level 8, -2/57 HPs)
             Began as an Octopode Assassin on June 6, 2017.
             Was an Initiate of Cheibriados.
             Slain by a jelly (3 damage)
             ... on level 5 of the Dungeon.
             The game lasted 00:13:45 (6701 turns).

grindst0ne the Covert (Octopode Assassin)           Turns: 6701, Time: 00:13:46

Health: -2/57      AC:  1    Str: 12    XL:     8   Next: 33%
Magic:  8/8        EV: 13    Int: 14    God:    Cheibriados [......]
Gold:   267        SH:  0    Dex: 16    Spells: 7/7 levels left

rFire    . . .     SeeInvis .   l - +1 dagger (venom)
rCold    . . .     Gourm    +   (no shield)
rNeg     . . .     Faith    .   (helmet restricted)
rPois    +         Spirit   .   n - amulet of the gourmand
rElec    .         Reflect  .   s - ring of poison resistance
rCorr    .         Harm     .   (no ring)
MR       .....                  (no ring)
Stlth    ++++++....             (no ring)
Regen    0.2/turn               (no ring)
MPRegen  0.2/turn               (no ring)
                                (no ring)
                                (no ring)

@: very slow
A: almost no armour, stealthy swim, amphibious, 8 rings, constrict 8, camouflage
1, blurry vision 1, sense surroundings 1, wild magic 1, gelatinous body 1
a: Bend Time, Renounce Religion


You were on level 5 of the Dungeon.
You worshipped Cheibriados.
Cheibriados was noncommittal.
You were completely stuffed.

You visited 2 branches of the dungeon, and saw 7 of its levels.

You collected 267 gold pieces.

Inventory:

Hand Weapons
 a - a +2 dagger
 b - a +0 blowgun
 l - a +1 dagger of venom (weapon)
 u - a +4 dagger
Missiles
 c - 43 poisoned needles
 d - 2 curare-tipped needles
Jewellery
 n - an amulet of the gourmand (around mantle)
 s - a ring of poison resistance (left tentacle)
 D - an uncursed ring of magical power {unknown}
Wands
 o - a wand of digging (11/24)
Scrolls
 g - a scroll of recharging
 h - a scroll of fear {unknown}
 i - 3 scrolls of remove curse
 m - a scroll of random uselessness
 v - 2 scrolls of identify
 y - a scroll of amnesia {unknown}
 A - a scroll of teleportation {unknown}
Potions
 e - 3 potions of magic
 k - 2 potions of flight
 w - a potion of agility {unknown}
 z - 2 potions of lignification {unknown}
 B - a potion of might
Books
 t - a book of Changes

   Spells                             Type                      Level
   a - Beastly Appendage              Transmutation                1
   b - Sticks to Snakes               Transmutation                2
   c - Spider Form                    Transmutation/Poison         3
   d - Ice Form                       Ice/Transmutation            4
   e - Blade Hands                    Transmutation                5
 C - a book of Debilitation

   Spells                             Type                      Level
   a - Corona                         Hexes                        1
   b - Slow                           Hexes                        2
   c - Inner Flame                    Hexes/Fire                   3
   d - Portal Projectile              Hexes/Translocation          3
   e - Cause Fear                     Hexes                        4
   f - Leda's Liquefaction            Hexes/Earth                  4
Comestibles
 f - 6 bread rations
 j - 4 royal jellies
 p - 3 chunks of flesh
 q - 2 meat rations
 x - 4 fruits


   Skills:
 + Level 5.6 Fighting
 - Level 2.0 Short Blades
 - Level 2.0 Throwing
 - Level 1.0 Dodging
 - Level 12.1 Stealth


You had 7 spell levels left.
You didn't know any spells.

Dungeon Overview and Level Annotations

Branches:
Dungeon (6/15)             Temple (1/1) D:5

Altars:
Ashenzari
Cheibriados
Dithmenos
Elyvilon
Fedhas
Gozag
Hepliaklqana
Kikubaaqudgha
Nemelex Xobeh
Okawaru
Qazlal
Ru
Sif Muna
Trog
Uskayaw
Vehumet
Xom
Yredelemnul
Zin
The Shining One

Shops:
D:4 (

Annotations:
D:2 exclusion: downstairs
D:3 TheGamingCockatoo's ghost, amateur MiBe


Innate Abilities, Weirdness & Mutations

You cannot wear most types of armour.
You are very stealthy in the water. (Stealth+)
You are amphibious.
You can wear up to eight rings at the same time.
You can use your tentacles to constrict eight enemies at once.
Your skin changes colour to match your surroundings (Stealth+).
Your rubbery body absorbs attacks. (AC +1, EV +1)
Scrolls take you a little longer to read.
You passively map a small area around you.
Your spells are a little harder to cast, but a little more powerful.


Message History

The hound bites you.
* * * LOW HITPOINT WARNING * * *
The jelly barely misses you.
You climb upwards.
There is a stone staircase leading down here.
You hit the hound.
The hound is poisoned.
You grab the hound.
The hound is moderately wounded.
You constrict the hound. The hound barely misses you. The jelly hits you.
* * * LOW HITPOINT WARNING * * *
You are splashed with acid!
The acid burns!
* * * LOW HITPOINT WARNING * * *
The hound bites you.
* * * LOW HITPOINT WARNING * * *
It was a potion of mutation.
You feel extremely strange.
You feel a strange attunement to the structure of the dungeons.
Your vision blurs.
You feel less in control of your magic.
You constrict the hound. The hound bites you.
* * * LOW HITPOINT WARNING * * *
The jelly hits you.
You die...

###### ##....#
#...#.# .#.#..#
##.#..############
##..[............#
.......#########.#
##..#..# #J#
##.###.# #@#
.#..#.## #h#
#....## #.#
####+## #.#
##...## #.#
##.....## ###.#
#.......## ##.#.#
.........####....#
.........+...<...#


You could see a hound and a jelly.

Vanquished Creatures
  Grinder (D:4)
  An ice beast (D:4)
  A scorpion (D:4)
  A crimson imp (D:4)
  4 hounds
  3 orc priests (D:4)
  6 orc wizards
  A centaur skeleton (D:4)
  An iguana (D:5)
  4 worker ants (D:4)
  A hound skeleton (D:3)
  10 adders
  A howler monkey skeleton (D:5)
  3 worms
  A leopard gecko (D:1)
  13 orcs
  A ball python (D:3)
  7 giant cockroaches
  5 hobgoblins
  9 jackals
  4 quokkas
  6 bats
  A frilled lizard (D:3)
  7 goblins
  4 kobolds
  2 rats
98 creatures vanquished.

Notes
Turn   | Place    | Note
-------+----------+-------------------------------------------
     0 | D:1      | grindst0ne the Octopode Assassin began the quest for the Orb.
     0 | D:1      | Reached XP level 1. HP: 14/14 MP: 1/1
   109 | D:1      | Reached skill level 6 in Stealth
   109 | D:1      | Reached XP level 2. HP: 16/19 MP: 2/2
  1035 | D:2      | Reached XP level 3. HP: 24/24 MP: 3/3
  1080 | D:2      | Reached skill level 7 in Stealth
  1186 | D:2      | Reached XP level 4. HP: 29/29 MP: 4/4
  1374 | D:2      | Found a deep blue altar of Sif Muna.
  1414 | D:2      | Found a sacrificial altar of Ru.
  1414 | D:2      | Found a bloodstained altar of Trog.
  1415 | D:2      | Found a basalt altar of Yredelemnul.
  1577 | D:3      | Noticed TheGamingCockatoo's ghost (amateur MiBe)
  1765 | D:3      | Reached skill level 8 in Stealth
  2010 | D:3      | Reached XP level 5. HP: 34/34 MP: 5/5
  2127 | D:3      | Reached skill level 9 in Stealth
  2392 | D:3      | Found a blossoming altar of Fedhas.
  3218 | D:4      | Found Zukleib's Antique Weapon Emporium.
  3261 | D:4      | Reached skill level 10 in Stealth
  3261 | D:4      | Reached XP level 6. HP: 19/39 MP: 6/6
  3392 | D:4      | Noticed Grinder
  3393 | D:4      | Paralysed by Grinder for 2 turns
  3405 | D:4      | Paralysed by Grinder for 3 turns
  3501 | D:4      | Paralysed by Grinder for 6 turns
  3510 | D:4      | Paralysed by Grinder for 5 turns
  3521 | D:4      | Killed Grinder
  3521 | D:4      | Reached skill level 11 in Stealth
  3521 | D:4      | Reached XP level 7. HP: 26/45 MP: 7/7
  3827 | D:4      | Reached skill level 12 in Stealth
  5123 | D:5      | Entered Level 5 of the Dungeon
  5312 | D:5      | Found a shattered altar of Ashenzari.
  5348 | D:5      | Found a staircase to the Ecumenical Temple.
  5351 | D:5      | Reached XP level 8. HP: 53/54 MP: 8/8
  5358 | Temple   | Entered the Ecumenical Temple
  5469 | Temple   | Became a worshipper of Cheibriados the Contemplative
  6097 | D:4      | Reached skill level 5 in Fighting
  6701 | D:5      | Gained mutation: You passively map a small area around you. [potion of mutation]
  6701 | D:5      | Gained mutation: Scrolls take you a little longer to read. [potion of mutation]
  6701 | D:5      | Gained mutation: Your spells are a little harder to cast, but a little more powerful. [potion of mutation]
  6701 | D:5      | HP: 1/57 [hound (5)]
  6701 | D:5      | Slain by a jelly

Skill      XL: |  1  2  3  4  5  6  7  8 |
---------------+-------------------------+-----
Stealth        | 6 7 8 10 11 12 | 12.1
Fighting       | 4 5 |  5.6
Short Blades   | |  2.0
Throwing       | |  2.0
Dodging        | |  1.0

Action                   |  1- 3 |  4- 6 |  7- 9 || total
-------------------------+-------+-------+-------++-------
Melee: Dagger            |    42 |    58 |   130 ||   230
       Constrict         |    10 |    16 |    33 ||    59
       Tentacles         |     6 |     9 |    25 ||    40
  Use: Scroll            |       |     6 |     1 ||     7
       Potion            |       |     5 |     3 ||     8
 Stab: Sleeping          |    11 |    13 |     4 ||    28
       Distracted        |     1 |       |       ||     1
  Eat: Chunk             |     1 |     4 |    18 ||    23
       Bread ration      |       |     1 |       ||     1
Armor: Skin              |     3 |     4 |     8 ||    15
Dodge: Dodged            |    20 |    24 |    88 ||   132
